 Dungeon Sprint DCSS version bcrawl-1.21.3-2-g9d8a61a446 (webtiles) character file.

Game seed: 8509157228875352382

3158 Caerthir the Basher (level 9, 0/84 HPs)
             Began as a Demonspawn Berserker on Apr 13, 2020.
             Was a High Priest of Trog.
             Slain by a catoblepas (4 damage)
             ... while petrified by you
             ... in the Dungeon (Sprint IX: "|||||||||||||||||||||||||||||").
             The game lasted 00:03:03 (707 turns).

Caerthir the Basher (Demonspawn Berserker)           Turns: 707, Time: 00:03:04

Health: 0/84       AC: 21    Str: 20    XL:     9   Next: 62%
Magic:  3/3        EV:  2    Int: 11    God:    Trog [*****.]
Gold:   0          SH:  0    Dex: 14    Spells: 8/8 levels left

rFire    . . .     SeeInvis .   s - +1 executioner's axe (antimagic)
rCold    . . .     Gourm    .   (shield currently unavailable)
rNeg     + + +     Faith    .   o - +0 plate armour
rPois    ∞         Spirit   .   (no helmet)
rElec    .         Reflect  .   a - +0 cloak
rCorr    .         Harm     .   n - +0 pair of gloves
MR       .....     NoTele   +   (boots unavailable)
Stlth    ..........             (no amulet)
HPRegen  0.24/turn              q - +2 ring of protection
MPRegen  0.08/turn              p - +3 ring of intelligence

@: petrified, berserk cooldown, slowed
A: hooves 3, thin metallic scales 2
a: Berserk, Trog's Hand, Brothers in Arms, Renounce Religion


You were in the Dungeon.
You worshipped Trog.
Trog was extremely pleased with you.
You were very hungry.

You visited 1 branch

Inventory:

Hand Weapons
 s - a +1 antimagic executioner's axe (weapon)
Armour
 a - a +0 cloak (worn)
 b - a +0 animal skin
 n - a +0 pair of gloves (worn)
 o - a +0 plate armour (worn)
 u - a +0 scale mail of cold resistance
Jewellery
 p - a +3 ring of intelligence (right hand)
 q - a +2 ring of protection (left hand)
 t - a +3 amulet of reflection
Wands
 l - a wand of acid (10)
Scrolls
 i - 3 scrolls of blinking
 k - 4 scrolls of remove curse
 v - 3 scrolls of identify
Potions
 c - 4 potions of heal wounds
 d - 6 potions of curing
 f - a potion of haste
 g - 4 potions of magic
 h - 2 potions of berserk rage
 j - a potion of invisibility
 m - a potion of agility
 r - a potion of mutation
Comestibles
 e - a ration {!d}


   Skills:
 + Level 12.6 Fighting
 + Level 3.2(9.5) Axes
   Level 13.4(13.6) Maces & Flails
 + Level 7.4 Armour
 + Level 6.8 Dodging
 + Level 1.5 Stealth


You had 8 spell levels left.
You didn't know any spells.
Your spell library was empty.

Dungeon Overview and Level Annotations

Branches:
Dungeon (1/1)

Altars:
Cheibriados
Dithmenos
Elyvilon
Fedhas
Gozag
Hepliaklqana
Kikubaaqudgha
Lugonu
Makhleb
Nemelex Xobeh
Okawaru
Qazlal
Ru
Sif Muna
Trog
Uskayaw
Vehumet
Wu Jian
Xom
Yredelemnul
Zin
The Shining One
Beogh
Jiyva


Innate Abilities, Weirdness & Mutations

You have hooves in place of feet.
You are mostly covered in thin metallic scales. (AC +3)


Message History

You kick the catoblepas, but do no damage.
The catoblepas is almost dead.
You are engulfed in calcifying dust.
Your limbs have turned to stone.
You are feeling very hungry.
The catoblepas gores you but does no damage.
The catoblepas gores you! x2
* * * LOW HITPOINT WARNING * * *
You have turned to stone.
The catoblepas gores you!!
* * * LOW HITPOINT WARNING * * *
The catoblepas gores you!
* * * LOW HITPOINT WARNING * * *
The catoblepas gores you but does no damage.
The catoblepas gores you.
* * * LOW HITPOINT WARNING * * *
The catoblepas breathes a plume of calcifying dust at you.
The blast of calcifying dust hits you.
* * * LOW HITPOINT WARNING * * *
You are engulfed in calcifying dust.
The catoblepas gores you!
You die...

▓▓▓▓▓▓▓▓▓▓▓▓▓▓▓▓▓▓▓▓▓▓▓▓▓▓▓▓▓▓▓▓▓
.)...').)..'_____________________
▓▓▓▓▓▓▓▓▓▓▓▓▓▓▓▓▓▓▓▓▓▓▓▓▓▓▓▓▓▓▓▓▓
.................................
▓▓▓▓▓▓▓▓▓▓▓▓▓▓▓▓▓▓▓▓▓▓▓▓▓▓▓▓▓▓▓▓▓
..'......|..F.§§@YH.....
▓▓▓▓▓▓▓▓▓▓▓▓▓▓▓▓▓▓▓▓▓▓▓▓


You could see a catoblepas and a hippogriff.

Vanquished Creatures
  A hydra (D)
  A deep elf mage (D)
  A cyclops (D)
  A cane toad (D)
  A troll (D)
  A yak (D)
  A basilisk (D)
  A crocodile (D)
  3 water moccasins (D)
  An ice beast (D)
  A centaur (D)
  2 bullfrogs (D)
  A crimson imp (D)
  A hound (D)
  A worker ant (D)
  An adder (D)
  A dart slug (D)
  An orc (D)
  2 bat zombies (D)
  A giant cockroach (D)
  2 goblins (D)
  A frilled lizard (D)
  A leopard gecko skeleton (D)
28 creatures vanquished.

Notes
Turn   | Place    | Note
-------+----------+-------------------------------------------
     0 | D        | Caerthir the Demonspawn Berserker began the quest for the
                  | Orb.
     0 | D        | Reached XP level 1. HP: 18/18 MP: 1/1
    16 | D        | Reached skill level 3 in Maces & Flails
    20 | D        | Reached ** piety under Trog
    40 | D        | Noticed a crimson imp
    40 | D        | Noticed a worker ant
    40 | D        | Noticed a centaur
    42 | D        | Killed a crimson imp
    42 | D        | Reached skill level 4 in Maces & Flails
    42 | D        | Gained mutation: You have large cloven feet. [demonic
                  | ancestry]
    42 | D        | Reached XP level 2. HP: 15/26 MP: 2/2
    42 | D        | Gained mutation: You are partially covered in thin metallic
                  | scales. (AC +2) [demonic ancestry]
    42 | D        | Reached XP level 3. HP: 18/32 MP: 3/3
    44 | D        | Reached *** piety under Trog
    48 | D        | Reached skill level 5 in Fighting
    48 | D        | Reached skill level 5 in Maces & Flails
    48 | D        | Gained mutation: You have hoof-like feet. [demonic
                  | ancestry]
    48 | D        | Reached XP level 4. HP: 16/39 MP: 4/4
    53 | D        | Killed a centaur
    53 | D        | Reached skill level 6 in Maces & Flails
    53 | D        | Gained mutation: You have hooves in place of feet. [demonic
                  | ancestry]
    53 | D        | Reached XP level 5. HP: 9/47 MP: 5/5
   305 | D        | Found a roughly hewn altar of Beogh.
   305 | D        | Found a snail-covered altar of Cheibriados.
   305 | D        | Found a shadowy altar of Dithmenos.
   305 | D        | Found a white marble altar of Elyvilon.
   305 | D        | Found a blossoming altar of Fedhas.
   305 | D        | Found an opulent altar of Gozag.
   306 | D        | Found a hazy altar of Hepliaklqana.
   307 | D        | Found a viscous altar of Jiyva.
   308 | D        | Found an ancient bone altar of Kikubaaqudgha.
   309 | D        | Found a corrupted altar of Lugonu.
   310 | D        | Found a burning altar of Makhleb.
   311 | D        | Found a sparkling altar of Nemelex Xobeh.
   312 | D        | Found an iron altar of Okawaru.
   313 | D        | Found a stormy altar of Qazlal.
   314 | D        | Found a sacrificial altar of Ru.
   315 | D        | Found a shimmering blue altar of Sif Muna.
   316 | D        | Found a bloodstained altar of Trog.
   317 | D        | Found a hide-covered altar of Uskayaw.
   318 | D        | Found a radiant altar of Vehumet.
   319 | D        | Found an ornate altar of the Wu Jian Council.
   320 | D        | Found a shimmering altar of Xom.
   321 | D        | Found a basalt altar of Yredelemnul.
   322 | D        | Found a glowing silver altar of Zin.
   323 | D        | Found a glowing golden altar of the Shining One.
   375 | D        | Noticed an ice beast
   375 | D        | Noticed an eight-headed hydra
   375 | D        | Noticed a troll
   375 | D        | Noticed a cyclops
   382 | D        | Killed an eight-headed hydra
   382 | D        | Reached **** piety under Trog
   382 | D        | Reached skill level 10 in Fighting
   382 | D        | Reached skill level 10 in Maces & Flails
   382 | D        | Reached skill level 5 in Dodging
   382 | D        | Gained mutation: You are mostly covered in thin metallic
                  | scales. (AC +3) [demonic ancestry]
   382 | D        | Reached XP level 6. HP: 54/60 MP: 6/6
   382 | D        | Reached XP level 7. HP: 60/66 MP: 7/7
   385 | D        | Reached skill level 11 in Maces & Flails
   385 | D        | Reached skill level 5 in Armour
   389 | D        | Killed a troll
   389 | D        | Reached XP level 8. HP: 61/74 MP: 8/8
   393 | D        | Killed a cyclops
   393 | D        | Reached skill level 12 in Maces & Flails
   405 | D        | Noticed a deep elf mage
   407 | D        | Reached ***** piety under Trog
   410 | D        | Received a gift from Trog
   424 | D        | Killed a deep elf mage
   424 | D        | Reached skill level 13 in Maces & Flails
   424 | D        | Reached XP level 9. HP: 48/82 MP: 9/9
   674 | D        | Noticed a cane toad
   685 | D        | Noticed a catoblepas
   689 | D        | Reached skill level 1 in Axes
   689 | D        | Reached skill level 1 in Stealth
   690 | D        | Killed a cane toad
   706 | D        | HP: 4/84 [catoblepas/blast of calcifying dust (2)]
   707 | D        | Slain by a catoblepas

Skill      XL: |  1  2  3  4  5  6  7  8  9 |
---------------+----------------------------+-----
Maces & Flails | 4 5 6 10 11 13 | 13.4
Dodging        | 2 3 5 6 |  6.8
Armour         | 2 3 4 5 6 7 |  7.4
Fighting       | 4 5 6 10 11 12 | 12.6
Axes           | 3 |  3.2
Stealth        | 1 |  1.5

Action                   |  1- 3 |  4- 6 |  7- 9 || total
-------------------------+-------+-------+-------++-------
Melee: Mace              |    28 |     6 |       ||    34
       Kick              |     1 |     6 |    24 ||    31
       Morningstar       |       |     6 |    29 ||    35
       Executioner's axe |       |       |    25 ||    25
Invok: Berserk           |     1 |     1 |     1 ||     3
  Use: Potion            |       |       |     1 ||     1
 Stab: Petrified         |       |       |     2 ||     2
  Eat: Chunk             |       |       |     1 ||     1
Armor: Animal skin       |     3 |     2 |       ||     5
       Plate armour      |       |     7 |    39 ||    46
Dodge: Dodged            |    18 |    12 |    21 ||    51
